| TOP OF THE 1ST |
|
Kelowna Heat batting - Pitching for Calgary Flames : RHP Bruce Boivin
|
|
Pitching: RHP Bruce Boivin
|
|
|
Batting: RHB Mike Storey
|
0-0: Ball 1-0: Swinging Strike 1-1: Ball 2-1: Fly out, F7 (Flyball, 78S, EV 71.9 MPH)
|
|
Batting: RHB Soichi Kaneshiro
|
0-0: Fly out, F7 (Line Drive, 7, EV 89.4 MPH)
|
|
Batting: LHB Billy Lang
|
0-0: Foul Ball, location: 2F 0-1: Foul Ball, location: 2F 0-2: Ball 1-2: Ground out 5-3 (Groundball, 56S, EV 69.4 MPH)
|
| Top of the 1st over - 0 runs, 0 hits, 0 errors, 0 left on base; Kelowna 0 - Calgary 0 |
| BOTTOM OF THE 1ST |
|
Calgary Flames batting - Pitching for Kelowna Heat : RHP Chris Ebersole
|
|
Pitching: RHP Chris Ebersole
|
|
|
Batting: SHB Yu-hsui Lew
|
0-0: Foul Ball, location: 2F 0-1: Ball 1-1: Fly out, F8 (Flyball, 8RD, EV 100.6 MPH)
|
|
Batting: RHB Andre Thompson
|
0-0: Ball 1-0: Foul Ball, location: 2F 1-1: Fly out, F4 (Popup, 4M, EV 68.1 MPH)
|
|
Batting: LHB Li-zhu Song
|
0-0: Ball 1-0: Called Strike 1-1: DOUBLE (Flyball, 78D, EV 105.6 MPH)
|
|
Batting: SHB Steve Wipf
|
0-0: Ball 1-0: 2-RUN HOME RUN (Flyball, 9D, EV 96.2 MPH), Distance : 366 ft
|
|
Batting: RHB Tyler Johnson
|
0-0: SINGLE (Groundball, 34D, EV 103.1 MPH)
|
|
Batting: RHB Bruce Lovett
|
0-0: Ball 1-0: Foul Ball, location: 2F 1-1: Called Strike 1-2: Strikes out swinging
|
| Bottom of the 1st over - 2 runs, 3 hits, 0 errors, 1 left on base; Kelowna 0 - Calgary 2 |
| TOP OF THE 2ND |
|
Kelowna Heat batting - Pitching for Calgary Flames : RHP Bruce Boivin
|
|
Batting: LHB Alex Larangho
|
0-0: Called Strike 0-1: Ball 1-1: Ball 2-1: Called Strike 2-2: Foul Ball, location: 2F 2-2: Strikes out swinging
|
|
Batting: RHB Joey Black
|
0-0: Ball 1-0: Called Strike 1-1: Ball 2-1: Ball 3-1: Swinging Strike 3-2: Strikes out looking
|
|
Batting: RHB Sean Gilbert
|
0-0: Called Strike 0-1: Fly out, F9 (Flyball, 9D, EV 101.9 MPH)
|
| Top of the 2nd over - 0 runs, 0 hits, 0 errors, 0 left on base; Kelowna 0 - Calgary 2 |
| BOTTOM OF THE 2ND |
|
Calgary Flames batting - Pitching for Kelowna Heat : RHP Chris Ebersole
|
|
Batting: LHB Greg Robertson
|
0-0: SINGLE (Line Drive, 3D, EV 95.6 MPH)
|
|
Batting: RHB Chad Stady
|
0-0: Called Strike 0-1: Fly out, F7 (Line Drive, 7S, EV 107.5 MPH)
|
|
Batting: RHB Juan Mercado
|
0-0: Ball 1-0: Foul Ball, location: 2F 1-1: Swinging Strike 1-2: Foul Ball, location: 2F 1-2: SINGLE (Groundball, 34S, EV 85.6 MPH) (infield hit) Greg Robertson to second
|
|
Batting: SHB Yu-hsui Lew
|
0-0: Called Strike 0-1: Ball 1-1: Ball 2-1: Ball 3-1: Foul Ball, location: 2F 3-2: Foul Ball, location: 2F 3-2: SINGLE (Groundball, 4MD, EV 97.5 MPH) Greg Robertson to third Juan Mercado to second Runner from 3rd tries for Home, SAFE, throw by CF to home
|
|
Batting: RHB Andre Thompson
|
0-0: Ball 1-0: Ball 2-0: Foul Ball, location: 2F 2-1: Grounds into double play, 6-4-3 (Groundball, 6, EV 105.0 MPH)
|
| Bottom of the 2nd over - 1 run, 3 hits, 0 errors, 1 left on base; Kelowna 0 - Calgary 3 |
| TOP OF THE 3RD |
|
Kelowna Heat batting - Pitching for Calgary Flames : RHP Bruce Boivin
|
|
Batting: LHB Robert Leary
|
0-0: Ball 1-0: Foul Ball, location: 2F 1-1: Swinging Strike 1-2: Foul Ball, location: 2F 1-2: Ball 2-2: Foul Ball, location: 2F 2-2: Strikes out swinging
|
|
Batting: RHB Glen Limeburner
|
0-0: Called Strike 0-1: Ball 1-1: Called Strike 1-2: Ball 2-2: Strikes out swinging
|
|
Batting: RHB Joe Nelson
|
0-0: Called Strike 0-1: Called Strike 0-2: Ball 1-2: Hit by Pitch
|
|
Batting: RHB Mike Storey
|
0-0: Ball 1-0: Foul Ball, location: 2F 1-1: Ball 2-1: Foul Ball, location: 2F 2-2: Fly out, F8 (Flyball, 8RXD, EV 95.0 MPH)
|
| Top of the 3rd over - 0 runs, 0 hits, 0 errors, 1 left on base; Kelowna 0 - Calgary 3 |
| BOTTOM OF THE 3RD |
|
Calgary Flames batting - Pitching for Kelowna Heat : RHP Chris Ebersole
|
|
Batting: LHB Li-zhu Song
|
0-0: Called Strike 0-1: Swinging Strike 0-2: Foul Ball, location: 2F 0-2: Strikes out looking
|
|
Batting: SHB Steve Wipf
|
0-0: Ball 1-0: Called Strike 1-1: Ball 2-1: Ball 3-1: Base on Balls
|
|
Batting: RHB Tyler Johnson
|
0-0: Ball 1-0: Called Strike 1-1: 2-RUN HOME RUN (Flyball, 7D, EV 105.0 MPH), Distance : 399 ft
|
|
Batting: RHB Bruce Lovett
|
0-0: Called Strike 0-1: Ball 1-1: Ball 2-1: Ball 3-1: Called Strike 3-2: Strikes out swinging
|
|
Batting: LHB Greg Robertson
|
0-0: Ball 1-0: Called Strike 1-1: Called Strike 1-2: Foul Ball, location: 2F 1-2: Ball 2-2: Foul Ball, location: 2F 2-2: Ball 3-2: Strikes out swinging
|
| Bottom of the 3rd over - 2 runs, 1 hit, 0 errors, 0 left on base; Kelowna 0 - Calgary 5 |
| TOP OF THE 4TH |
|
Kelowna Heat batting - Pitching for Calgary Flames : RHP Bruce Boivin
|
|
Batting: RHB Soichi Kaneshiro
|
0-0: Called Strike 0-1: Foul Ball, location: 2F 0-2: SINGLE (Groundball, 4MD, EV 94.4 MPH)
|
|
Batting: LHB Billy Lang
|
0-0: Ball 1-0: Ball 2-0: Ball 3-0: Called Strike 3-1: Base on Balls Soichi Kaneshiro to second
|
|
Batting: LHB Alex Larangho
|
0-0: Ball 1-0: Ball 2-0: Swinging Strike 2-1: Foul Ball, location: 2F 2-2: Foul Ball, location: 2F 2-2: Foul Ball, location: 2F 2-2: Strikes out swinging
|
|
Batting: RHB Joey Black
|
0-0: Ball 1-0: Ball 2-0: Foul Ball, location: 2F 2-1: Called Strike 2-2: Foul Ball, location: 2F 2-2: DOUBLE (Line Drive, 7LS, EV 95.6 MPH) Soichi Kaneshiro scores Billy Lang to third Runner from 3rd tries for Home, SAFE, throw by LF to home
|
|
Batting: RHB Sean Gilbert
|
0-0: Called Strike 0-1: Called Strike 0-2: Fly out, F7 (Flyball, 7, EV 84.4 MPH)
|
|
Batting: LHB Robert Leary
|
0-0: Swinging Strike 0-1: Ground out 4-3 (Groundball, 4, EV 86.2 MPH)
|
| Top of the 4th over - 2 runs, 2 hits, 0 errors, 1 left on base; Kelowna 2 - Calgary 5 |
| BOTTOM OF THE 4TH |
|
Calgary Flames batting - Pitching for Kelowna Heat : RHP Chris Ebersole
|
|
Batting: RHB Chad Stady
|
0-0: Fly out, F6 (Popup, 6MS, EV 65.0 MPH)
|
|
Batting: RHB Juan Mercado
|
0-0: Foul Ball, location: 2F 0-1: Ball 1-1: Foul Ball, location: 2F 1-2: DOUBLE (Flyball, 89XD, EV 98.8 MPH)
|
|
Batting: SHB Yu-hsui Lew
|
0-0: Swinging Strike 0-1: Ball 1-1: Called Strike 1-2: Strikes out swinging
|
|
Batting: RHB Andre Thompson
|
0-0: Ball 1-0: Called Strike 1-1: Ground out 4-3 (Groundball, 4, EV 106.2 MPH)
|
| Bottom of the 4th over - 0 runs, 1 hit, 0 errors, 1 left on base; Kelowna 2 - Calgary 5 |
| TOP OF THE 5TH |
|
Kelowna Heat batting - Pitching for Calgary Flames : RHP Bruce Boivin
|
|
Batting: RHB Glen Limeburner
|
0-0: Swinging Strike 0-1: Swinging Strike 0-2: Foul Ball, location: 2F 0-2: Ball 1-2: Strikes out looking
|
|
Batting: RHB Joe Nelson
|
0-0: Ball 1-0: Swinging Strike 1-1: Foul Ball, location: 2F 1-2: Strikes out swinging
|
|
Batting: RHB Mike Storey
|
0-0: Called Strike 0-1: Ball 1-1: Called Strike 1-2: Ball 2-2: Foul Ball, location: 2F 2-2: Ball 3-2: Foul Ball, location: 2F 3-2: Base on Balls
|
|
Pitching: RHP Nick Munk
|
|
|
Batting: RHB Soichi Kaneshiro
|
0-0: Called Strike 0-1: Called Strike Mike Storey is caught stealing 2nd base 2-4
|
| Top of the 5th over - 0 runs, 0 hits, 0 errors, 0 left on base; Kelowna 2 - Calgary 5 |
| BOTTOM OF THE 5TH |
|
Calgary Flames batting - Pitching for Kelowna Heat : RHP Chris Ebersole
|
|
Batting: LHB Li-zhu Song
|
0-0: Called Strike 0-1: Swinging Strike 0-2: Ball 1-2: Ball 2-2: Fly out, F9 (Flyball, 9D, EV 93.8 MPH)
|
|
Batting: SHB Steve Wipf
|
0-0: Called Strike 0-1: Ball 1-1: Ball 2-1: Ball 3-1: Called Strike 3-2: Ground out U3 (Groundball, 3L, EV 109.4 MPH)
|
|
Batting: RHB Tyler Johnson
|
0-0: Foul Ball, location: 2F 0-1: Ground out 5-3 (Groundball, 56, EV 86.9 MPH)
|
| Bottom of the 5th over - 0 runs, 0 hits, 0 errors, 0 left on base; Kelowna 2 - Calgary 5 |
| TOP OF THE 6TH |
|
Kelowna Heat batting - Pitching for Calgary Flames : RHP Nick Munk
|
|
Batting: RHB Soichi Kaneshiro
|
0-0: Foul Ball, location: 2F 0-1: Foul Ball, location: 2F 0-2: Hit by Pitch
|
|
Batting: LHB Billy Lang
|
0-0: Swinging Strike 0-1: Ball 1-1: Ball 2-1: Swinging Strike 2-2: Ball 3-2: Grounds out, U3 (Groundball, 3L, EV 105.0 MPH)
|
|
Batting: LHB Alex Larangho
|
0-0: Called Strike 0-1: Ball 1-1: Ball 2-1: Called Strike 2-2: Foul Ball, location: 2F 2-2: Strikes out swinging, 2-3 out at first.
|
|
Batting: RHB Joey Black
|
0-0: Ball 1-0: Foul Ball, location: 2F 1-1: Foul Ball, location: 2F 1-2: Ball 2-2: Foul Ball, location: 2F 2-2: Fly out, F4 (Line Drive, 4, EV 67.5 MPH)
|
| Top of the 6th over - 0 runs, 0 hits, 0 errors, 1 left on base; Kelowna 2 - Calgary 5 |
| BOTTOM OF THE 6TH |
|
Calgary Flames batting - Pitching for Kelowna Heat : RHP Chris Ebersole
|
|
Pitching: RHP Edward Jones
|
|
|
Batting: RHB Bruce Lovett
|
0-0: Ball 1-0: Called Strike 1-1: Foul Ball, location: 2F 1-2: Foul Ball, location: 2F 1-2: Strikes out swinging
|
|
Batting: LHB Greg Robertson
|
0-0: Ball 1-0: Ball 2-0: Ball 3-0: Called Strike 3-1: Called Strike 3-2: Ground out U3 (Groundball, 3, EV 103.1 MPH)
|
|
Batting: RHB Chad Stady
|
0-0: Ball 1-0: Swinging Strike 1-1: Ball 2-1: Ball 3-1: Foul Ball, location: 2F 3-2: Foul Ball, location: 2F 3-2: Ground out 5-3 (Groundball, 5, EV 85.6 MPH)
|
| Bottom of the 6th over - 0 runs, 0 hits, 0 errors, 0 left on base; Kelowna 2 - Calgary 5 |
| TOP OF THE 7TH |
|
Kelowna Heat batting - Pitching for Calgary Flames : RHP Nick Munk
|
|
Pinch Hitting: SHB Michael Woodard
|
0-0: Ball 1-0: Ball 2-0: Ball 3-0: Called Strike 3-1: Base on Balls
|
|
Batting: LHB Robert Leary
|
0-0: Called Strike 0-1: Called Strike 0-2: Ball 1-2: Ball 2-2: SINGLE (Line Drive, 78S, EV 91.9 MPH) Michael Woodard to second
|
|
Pitching: RHP Nick Dey
|
|
|
Batting: RHB Glen Limeburner
|
0-0: Swinging Strike 0-1: Foul Ball, location: 2F 0-2: Ball 1-2: Ball 2-2: Strikes out swinging
|
|
Batting: RHB Joe Nelson
|
0-0: Ball 1-0: Called Strike 1-1: Fly out, F6 (Popup, 6S, EV 66.2 MPH)
|
|
Batting: RHB Mike Storey
|
0-0: Ball 1-0: Called Strike 1-1: Foul Ball, location: 2F 1-2: Fly out, F7 (Flyball, 7D, EV 100.6 MPH)
|
| Top of the 7th over - 0 runs, 1 hit, 0 errors, 2 left on base; Kelowna 2 - Calgary 5 |
| BOTTOM OF THE 7TH |
|
Calgary Flames batting - Pitching for Kelowna Heat : RHP Edward Jones
|
|
Now at SS: Michael Woodard
|
|
|
Batting: RHB Juan Mercado
|
0-0: Called Strike 0-1: Ball 1-1: Foul Ball, location: 2F 1-2: Strikes out looking
|
|
Batting: SHB Yu-hsui Lew
|
0-0: Ball 1-0: Foul Ball, location: 2F 1-1: Foul Ball, location: 2F 1-2: Foul Ball, location: 2F 1-2: Fly out, F7 (Flyball, 78M, EV 90.0 MPH)
|
|
Batting: RHB Andre Thompson
|
0-0: Fly out, F9 (Flyball, 89S, EV 81.2 MPH)
|
| Bottom of the 7th over - 0 runs, 0 hits, 0 errors, 0 left on base; Kelowna 2 - Calgary 5 |
| TOP OF THE 8TH |
|
Kelowna Heat batting - Pitching for Calgary Flames : RHP Nick Dey
|
|
Batting: RHB Soichi Kaneshiro
|
0-0: Swinging Strike 0-1: Ball 1-1: Ball 2-1: Ball 3-1: Base on Balls
|
|
Pitching: LHP Trevor Lewis
|
|
|
Batting: LHB Billy Lang
|
0-0: Ball 1-0: Ball 2-0: Called Strike 2-1: Ball 3-1: Called Strike 3-2: SINGLE (Line Drive, 9LS, EV 100.0 MPH) Soichi Kaneshiro to second Runner from 2nd tries for 3rd, SAFE, no throw by RF
|
|
Batting: RHB Jose Sanchez
|
0-0: Swinging Strike 0-1: Called Strike 0-2: Ball 1-2: Ball 2-2: Ball 3-2: Grounds into double play, 3-6-1 (Groundball, 3, EV 81.9 MPH) Soichi Kaneshiro scores
|
|
Pitching: RHP Dylan Aceituno
|
|
|
Batting: RHB Joey Black
|
0-0: Foul Ball, location: 2F 0-1: Ball 1-1: Ball 2-1: Foul Ball, location: 2F 2-2: Ball 3-2: Fly out, F7 (Flyball, 78M, EV 97.5 MPH)
|
| Top of the 8th over - 1 run, 1 hit, 0 errors, 0 left on base; Kelowna 3 - Calgary 5 |
| BOTTOM OF THE 8TH |
|
Calgary Flames batting - Pitching for Kelowna Heat : RHP Edward Jones
|
|
Pitching: RHP Carlos Florez
|
|
|
Batting: LHB Li-zhu Song
|
0-0: Ball 1-0: Called Strike 1-1: Foul Ball, location: 2F 1-2: Fly out, F2 (Popup, 2LF, EV 83.1 MPH)
|
|
Batting: SHB Steve Wipf
|
0-0: Ball 1-0: Ball 2-0: Swinging Strike 2-1: Called Strike 2-2: Ball 3-2: Strikes out swinging
|
|
Batting: RHB Tyler Johnson
|
0-0: Ball 1-0: Ball 2-0: Called Strike 2-1: Foul Ball, location: 2F 2-2: Strikes out swinging
|
| Bottom of the 8th over - 0 runs, 0 hits, 0 errors, 0 left on base; Kelowna 3 - Calgary 5 |
| TOP OF THE 9TH |
|
Kelowna Heat batting - Pitching for Calgary Flames : RHP Dylan Aceituno
|
|
Pitching: RHP David Lewis
|
|
|
Now at 2B: Pablo Henriquez
|
|
|
Batting: SHB Michael Woodard
|
0-0: Ball 1-0: Fly out, F7 (Flyball, 78S, EV 88.8 MPH)
|
|
Pinch Hitting: LHB Willy Berrios
|
0-0: Ball 1-0: Called Strike 1-1: Ball 2-1: Foul Ball, location: 2F 2-2: Ball 3-2: Fly out, F7 (Flyball, 7LD, EV 91.2 MPH)
|
|
Pinch Hitting: LHB Ricardo Torres
|
0-0: SINGLE (Groundball, 6MD, EV 106.9 MPH)
|
|
Pinch Hitting: LHB Caleb Hartwell
|
0-0: Swinging Strike 0-1: Foul Ball, location: 2F 0-2: Ball 1-2: Foul Ball, location: 2F 1-2: Strikes out looking
|
| Top of the 9th over - 0 runs, 1 hit, 0 errors, 1 left on base; Kelowna 3 - Calgary 5 |
|